 Dungeon Crawl Stone Soup version 0.30.1-3-gfc49f6343a (webtiles) character file.

Game seed: 9891393409546087330

31225 spardeous the Destroyer (level 12, -2/100 HPs)
             Began as a Demigod Conjurer on Aug 9, 2023.
             Shot with an arrow by a centaur warrior (12 damage)
             ... on level 13 of the Dungeon.
             The game lasted 00:31:35 (21513 turns).

spardeous the Destroyer (Demigod Conjurer)         Turns: 21513, Time: 00:31:36

Health: -2/100     AC: 15    Str: 12    XL:     12   Next: 96%
Magic:  3/31       EV: 11    Int: 36    God:
Gold:   255        SH:  0    Dex: 12    Spells: 8/32 levels left

rFire   . . .        O - staff of conjuration
rCold   . . .        (no shield)
rNeg    . . .        b - +0 acid dragon scales
rPois   +            K - +2 helmet
rElec   .            o - scarf {repulsion}
rCorr   +            v - +0 pair of gloves
SInv    .            (no boots)
Will    +....        y - amulet of the acrobat
Stlth   +            m - +4 ring of protection
HPRegen 0.36/turn    I - ring "Xyshoane" {rPois rCorr Int+4}
MPRegen 0.22/turn

%: repel missiles, acrobat
@: hasted, very quick
A: high MP 1, forlorn, divine attributes
a: no special abilities


You were on level 13 of the Dungeon.
You visited 2 branches of the dungeon, and saw 15 of its levels.
You also visited: Gauntlet and Ice Cave.

You collected 829 gold pieces.
You spent 574 gold pieces at shops.

Inventory:

Hand Weapons
 C - the +1 war axe of Feteem {vamp, *Noise Str+4 Dex+3}
   (You bought it in a shop on level 2 of the Dungeon)

   Str:       It affects your strength (+4).
   Dex:       It affects your dexterity (+3).
   *Noise:    It may make noises in combat.
 Y - the +6 war axe of Mourning {venom, rN+}
   (You bought it in a shop on level 11 of the Dungeon)

   rN:        It protects you from negative energy.
Armour
 a - the -1 pair of gloves "Vaavom" {rC- Will+ Dex+7}
   (You found it in a Gauntlet)

   Dex:       It affects your dexterity (+7).
   rC:        It makes you vulnerable to cold.
   Will:      It increases your willpower.
 b - +0 acid dragon scales (worn)
 l - +0 fire dragon scales
 o - a scarf of repulsion (worn)
 v - a +0 pair of gloves (worn)
 K - a +2 helmet (worn)
 M - a +1 scale mail of positive energy
 P - a +0 troll leather armour
 Q - a +0 cloak
 S - a +0 helmet
Magical Staves
 O - a staff of conjuration (weapon)
Jewellery
 m - a +4 ring of protection (left hand)
 s - a ring of flight
 y - an amulet of the acrobat (around neck)
 B - a +4 ring of protection
 E - an amulet of guardian spirit
 H - a ring of positive energy
 I - the ring "Xyshoane" (right hand) {rPois rCorr Int+4}
   (You took it off an orc on level 9 of the Dungeon)

   [ring of resist corrosion]

   Int:       It affects your intelligence (+4).
   rPois:     It protects you from poison.
   rCorr:     It protects you from acid and corrosion.
 U - a ring of positive energy
Wands
 J - a wand of roots (2)
 L - a wand of acid (5)
 V - a wand of mindburst (8)
 X - a wand of flame (10)
Scrolls
 c - 7 scrolls of teleportation
 d - 5 scrolls of vulnerability
 h - 3 scrolls of immolation
 k - 3 scrolls of fear
 p - a scroll of amnesia
 q - 4 scrolls of fog
 t - 3 scrolls of enchant armour
 x - 2 scrolls of enchant weapon
 D - a scroll of silence
 G - a scroll of poison
 N - 4 scrolls of magic mapping
 R - a scroll of butterflies
Potions
 e - 4 potions of lignification {unknown}
 f - 5 potions of brilliance {unknown}
 g - a potion of mutation
 i - a potion of invisibility {unknown}
 j - 3 potions of haste
 n - 5 potions of curing
 r - 4 potions of heal wounds {unknown}
 u - 3 potions of resistance {unknown}
 z - a potion of berserk rage
 F - 2 potions of might {unknown}
 T - 4 potions of attraction {unknown}
Miscellaneous
 w - a condenser vane
 A - a piece from Xom's chessboard (15/15)
 W - a phial of floods
 Z - a box of beasts


   Skills:
 - Level 7.4 Fighting
 + Level 3.5 Armour
 - Level 1.7 Dodging
 - Level 1.7 Stealth
 - Level 10.9 Spellcasting
 - Level 12.1 Conjurations
 - Level 10.3 Translocations


You had 8 spell levels left.
You knew the following spells:

 Your Spells              Type           Power      Damage    Failure   Level
a - Magic Dart            Conj           100%       1d8       1%          1
b - Searing Ray           Conj           100%       2d8       1%          2
c - Iskenderun's Mystic   Conj/Tloc      100%       2d19      1%          4
d - Orb of Destruction    Conj           51%        9d13      19%         7
e - Iron Shot             Conj/Erth      38%        9d8       36%         6
f - Leda's Liquefaction   Hex/Erth       9%         N/A       30%         4

Your spell library contained the following spells:

 Spells                   Type           Power      Damage    Failure   Level
 Shock                    Conj/Air       100%       1d9       1%          1
 Dazzling Flash           Conj/Hex       100%       N/A       1%          3
 Portal Projectile        Hex/Tloc       100%       N/A       1%          3
 Fulminant Prism          Conj/Hex       38%        3d18      2%          4
 Call Canine Familiar     Summ           19%        N/A       10%         3
 Summon Guardian Golem    Hex/Summ       19%        N/A       10%         3
 Swiftness                Air            19%        N/A       10%         3
 Airstrike                Air            9%         2d(2-18)  30%         4
 Animate Armour           Summ/Erth      38%        N/A       30%         4
 Blade Hands              Tmut           9%         N/A       65%         5
 Spellforged Servitor     Conj/Summ      38%        N/A       91%         7
 Chain Lightning          Conj/Air       38%        3d50      100%        9
 Fire Storm               Conj/Fire      38%        8d10      100%        9
 Shatter                  Erth           9%         3d11*     100%        9


Dungeon Overview and Level Annotations

Branches:
Dungeon (13/15)            Temple (0/1) D:6            Lair (2/5) D:9
    Orc (0/2) D:12          IceCv (visited)         Gauntlet (visited)
  Swamp: Lair:2-3    Shoals: Lair:2-3     Snake: Lair:2-3    Spider: Lair:2-3
 Vaults: D:13-14

Shops:
D:2 =*(*   D:3 (   D:4 ([=   D:5 ?   D:6 [([   D:8 [   D:11 (?([(


Innate Abilities, Weirdness & Mutations

You have an increased reservoir of magic. (+10% MP)
You shall have no god before yourself.
Your divine heritage dramatically boosts your attributes as you level up.


Message History

The efreet is moderately wounded.
The mystic blast hits the centaur!
The centaur is heavily wounded.
The centaur is knocked back by the mystic blast.
The centaur slams into the rock wall!
The centaur is almost dead.
A deep elf pyromancer comes into view. It is wielding a +0 short sword.
You now have 10/31 mp.
Casting: Iskenderun's Mystic Blast (safe; 1% risk of failure)
Confirm with . or Enter, or press ? or * to list all spells.
You feel a surge of power!
You erupt in a blast of force!
The mystic blast hits the centaur!!
You kill the centaur!
The mystic blast hits the efreet.
The efreet is heavily wounded.
The efreet is knocked back by the mystic blast.
The centaur shoots an arrow.
The arrow barely misses you.
You now have 6/31 mp.
Casting: Iskenderun's Mystic Blast (safe; 1% risk of failure)
Confirm with . or Enter, or press ? or * to list all spells.
You feel a surge of power!
You erupt in a blast of force!
The mystic blast hits the efreet!!
The efreet is almost dead.
The efreet is knocked back by the mystic blast.
The deep elf pyromancer casts a spell.
You now have 2/31 mp.
A centaur warrior comes into view.
The centaur warrior shouts!
The centaur shoots an arrow.
The arrow completely misses you.
The centaur warrior wields a +0 longbow.
The centaur warrior shoots an arrow.
The arrow completely misses you.
You feel yourself speed up.
The centaur shoots an arrow.
The arrow hits you!
* * * LOW HITPOINT WARNING * * *
The centaur warrior shoots an arrow.
The arrow closely misses you. The efreet gestures at you.
The bolt of fire hits you!!
* * * LOW HITPOINT WARNING * * *
You take 40 damage, and have 4/100 hp.
MASSIVE DAMAGE!!
You feel better.
The centaur warrior shoots an arrow.
The arrow hits you!
You die...

..##. ##### .... .
#...### ... .. ##.....#
### ..#. .
#<.....#####..# .○. ...
...#..###......
##R##.... #..##.......#
###))......
..........######@.Ec.#
#..........#.##.#.#○.#
##...........##...#.☼#
##..............##..e.
.........#........##.###
...#.................#
..##....#......##..###
........#.c....# ....
##...#.......... .....


You could see a centaur warrior, an efreet, a fire elemental (summoned) and a
centaur.

Vanquished Creatures
  A minotaur (Gauntlet)
  A centaur warrior (D:13)
  A hell beast (Gauntlet)
  Urug (D:12)
  A tengu warrior (D:9)
  Nergalle (D:12)
  A skyshark (Lair:2)
  A bog body (IceCv)
  3 deep elf pyromancers (D:12)
  A necromancer (IceCv)
  3 manticores (D:12)
  2 cyclopes
  A gargoyle (D:11)
  Maurice (D:12)
  A cane toad (Lair:2)
  2 ice statues (IceCv)
  2 kobold demonologists
  Maggie (D:7)
  A freezing wraith (IceCv)
  2 unseen horrors (D:12)
  3 rime drakes
  6 ice devils
  An anaconda simulacrum (IceCv)
  A tengu conjurer (D:9)
  2 komodo dragons
  6 trolls
  A hornet (D:5)
  7 blink frogs
  3 centaur simulacra (Gauntlet)
  4 slime creatures (D:12)
  2 dire elephant simulacra (IceCv)
  4 wraiths
  6 wyverns
  23 yaks
  4 steam dragons
  Grum (D:8)
  6 vampire mosquitoes (D:12)
  Duvessa (D:5)
  4 harpy simulacra (IceCv)
  An acid dragon (D:9)
  4 water moccasins
  3 hydra simulacra (IceCv)
  4 sky beasts
  3 black bears
  An ice beast (D:6)
  6 orc warriors
  7 centaurs
  An ogre (D:4)
  4 wolves (D:8)
  3 phantoms
  6 kobold brigands
  4 bullfrogs
  4 scorpions
  A two-headed ogre simulacrum (IceCv)
  Dowan (D:5)
  4 wights (D:7)
  8 killer bees
  A howler monkey (D:10)
  A jelly (D:5)
  A wyvern simulacrum (Gauntlet)
  A gnoll bouda (D:4)
  2 hounds
  9 orc priests
  2 sleepcaps
  4 iguanas
  9 orc wizards
  A troll simulacrum (IceCv)
  A wolf simulacrum (IceCv)
  8 gnolls
  5 adders
  3 white imps (Gauntlet)
  4 ufetubi
  4 dart slugs
  37 orcs
  4 ball pythons
  4 endoplasms
  2 giant cockroaches
  9 goblins
  10 hobgoblins
  21 kobolds
  7 quokkas
  10 bats
  4 frilled lizards
  6 rats
348 creatures vanquished.

Vanquished Creatures (others)
  A howler monkey (D:9)
1 creature vanquished.

Grand Total: 349 creatures vanquished

Notes
Turn   | Place    | Note
-------+----------+-------------------------------------------
     0 | D:1      | spardeous the Demigod Conjurer began the quest for the Orb.
     0 | D:1      | Reached XP level 1. HP: 14/14 MP: 5/5
   186 | D:1      | Reached skill level 4 in Conjurations
   335 | D:1      | Reached XP level 2. HP: 20/20 MP: 1/7
  1192 | D:1      | Learned a level 2 spell: Searing Ray
  1246 | D:2      | Reached XP level 3. HP: 26/26 MP: 5/8
  1500 | D:2      | Found Piyklum's Jewellery Shoppe.
  1509 | D:2      | Found Mytae's General Store.
  1513 | D:2      | Bought a potion of curing for 33 gold pieces
  1513 | D:2      | Bought 2 scrolls of identify for 44 gold pieces
  1613 | D:2      | Found Niuny's Assorted Antiques.
  1816 | D:2      | Reached skill level 5 in Conjurations
  1848 | D:2      | Found Ucrerito's Antique Weapon Shop.
  2223 | D:3      | Reached XP level 4. HP: 33/33 MP: 3/9
  2329 | D:3      | Found Foewev's Weapon Shoppe.
  3206 | D:4      | Reached skill level 6 in Conjurations
  3206 | D:4      | Reached XP level 5. HP: 38/38 MP: 6/10
  3260 | D:4      | Learned a level 4 spell: Iskenderun's Mystic Blast
  3348 | D:4      | Found Najej's Jewellery Boutique.
  3355 | D:4      | Noticed an ogre
  3361 | D:4      | Killed an ogre
  3466 | D:4      | Found Coritasu's Weapon Emporium.
  3604 | D:4      | Reached XP level 6. HP: 45/45 MP: 8/12
  4193 | D:4      | Found Weyps's Armour Shop.
  4439 | D:5      | Entered Level 5 of the Dungeon
  4439 | D:5      | Found Wessum's Magic Scroll Emporium.
  4448 | D:5      | Bought a scroll of identify for 20 gold pieces
  4448 | D:5      | Bought a scroll of identify for 20 gold pieces
  4602 | D:5      | Reached XP level 7. HP: 38/50 MP: 9/16
  5105 | D:5      | Reached skill level 5 in Spellcasting
  5471 | D:5      | Noticed a hornet
  5485 | D:5      | Killed a hornet
  5607 | D:5      | You fall into a shaft and drop 2 floors!
  5715 | D:7      | Reached XP level 8. HP: 57/57 MP: 16/21
  6595 | D:7      | Noticed Maggie
  6611 | D:7      | Killed Maggie
  6993 | D:6      | Found Rokkuela's Armour Shop.
  6993 | D:6      | Found Pyer Sot's Weapon Shop.
  6993 | D:6      | Found Heuxic's Antique Armour Shop.
  7125 | D:6      | Reached skill level 1 in Translocations
  7254 | D:6      | Reached XP level 9. HP: 62/62 MP: 19/25
  7291 | D:6      | Found a staircase to the Ecumenical Temple.
  8152 | D:6      | Reached skill level 5 in Translocations
  8579 | D:5      | Noticed Duvessa
  8579 | D:5      | Noticed Dowan
  8587 | D:5      | Killed Duvessa
  8588 | D:5      | Killed Dowan
  9067 | D:2      | Bought a crystal war axe for 204 gold pieces
  9067 | D:2      | Identified the +1 war axe of Feteem {vamp, *Noise Str+4
                  | Dex+3} (You bought it in a shop on level 2 of the Dungeon)
  9200 | D:8      | Noticed Grum
  9403 | D:8      | Killed Grum
  9691 | D:8      | Found Vazovod's Antique Armour Shop.
 10026 | D:8      | Found a transporter.
 10093 | D:8      | Reached XP level 10. HP: 59/69 MP: 14/27
 10215 | D:8      | Found a transporter.
 10364 | D:8      | Found a transporter.
 10415 | D:8      | Found a transporter.
 10790 | D:9      | Noticed a tengu warrior
 11150 | D:9      | Found a staircase to the Lair.
 11166 | D:9      | Identified the ring "Xyshoane" {rPois rCorr Int+4}
 11376 | D:9      | Reached skill level 10 in Translocations
 11906 | D:4      | Bought a +0 helmet for 58 gold pieces
 12130 | D:9      | Killed a tengu warrior
 12297 | D:10     | Entered Level 10 of the Dungeon
 12463 | D:10     | Reached skill level 10 in Spellcasting
 13319 | D:11     | Found a frozen archway.
 13329 | D:11     | Reached XP level 11. HP: 74/74 MP: 16/29
 13462 | IceCv    | Entered an ice cave
 13662 | IceCv    | Reached skill level 1 in Fighting
 14922 | IceCv    | Reached skill level 5 in Fighting
 15186 | IceCv    | Reached skill level 7 in Conjurations
 15388 | IceCv    | Noticed a necromancer
 15388 | IceCv    | Noticed a bog body
 15391 | IceCv    | Killed a bog body
 15396 | IceCv    | Killed a necromancer
 15614 | D:11     | Found Itaezose's Antique Weapon Boutique.
 15667 | D:11     | Reached skill level 8 in Conjurations
 15840 | D:11     | Found Sidulir's Antique Armour Shoppe.
 15951 | D:11     | Found Aniolax's Magic Scroll Boutique.
 16662 | D:11     | Found Ytarewuopt's Weapon Boutique.
 17045 | D:11     | Reached skill level 9 in Conjurations
 17128 | D:11     | Found Zemohee's Antique Weapon Shoppe.
 17240 | D:12     | Noticed Urug
 17486 | D:12     | Killed Urug
 17487 | D:12     | Reached XP level 12. HP: 94/94 MP: 11/31
 17624 | D:12     | Reached skill level 10 in Conjurations
 18049 | D:12     | Noticed Maurice
 18049 | D:12     | Noticed Nergalle
 18059 | D:12     | Killed Maurice
 18061 | D:12     | Killed Nergalle
 18370 | D:12     | Reached skill level 11 in Conjurations
 18442 | D:11     | Learned a level 7 spell: Orb of Destruction
 19078 | D:12     | Found a staircase to the Orcish Mines.
 19365 | D:12     | Reached skill level 12 in Conjurations
 19730 | Lair:1   | Entered Level 1 of the Lair of Beasts
 19769 | Lair:1   | Learned a level 6 spell: Iron Shot
 19774 | Lair:1   | Learned a level 4 spell: Leda's Liquefaction
 19810 | Lair:1   | You fall into a shaft and drop 1 floor!
 19841 | Lair:2   | Found a gate leading to a gauntlet.
 19858 | Gauntlet | Entered a Gauntlet
 19858 | Gauntlet | Found a transporter.
 19858 | Gauntlet | Found a transporter.
 19859 | Gauntlet | Found a transporter.
 19862 | Gauntlet | Found a transporter.
 19862 | Gauntlet | Found a transporter.
 19862 | Gauntlet | Found a transporter.
 19864 | Gauntlet | Found a large runed translucent door.
 19865 | Gauntlet | Found a large runed translucent door.
 19866 | Gauntlet | Found a large runed translucent door.
 19866 | Gauntlet | Found a large runed translucent door.
 19866 | Gauntlet | Found a runed translucent door.
 19866 | Gauntlet | Found a runed translucent door.
 19867 | Gauntlet | Found a large runed translucent door.
 19867 | Gauntlet | Found a large runed translucent door.
 19867 | Gauntlet | Found a large runed translucent door.
 19867 | Gauntlet | Found a large runed translucent door.
 19868 | Gauntlet | Found a large runed translucent door.
 19868 | Gauntlet | Found a large runed translucent door.
 19869 | Gauntlet | Found a large runed translucent door.
 19869 | Gauntlet | Found a large runed translucent door.
 19870 | Gauntlet | Found a runed translucent gate.
 19870 | Gauntlet | Found a runed translucent gate.
 19870 | Gauntlet | Found a runed translucent gate.
 19872 | Gauntlet | Found a transporter.
 19876 | Gauntlet | Found a transporter.
 19886 | Gauntlet | Found a transporter.
 19887 | Gauntlet | Noticed a hell beast
 19918 | Gauntlet | Found a large runed translucent door.
 19918 | Gauntlet | Found a large runed translucent door.
 19921 | Gauntlet | Found a large runed translucent door.
 19921 | Gauntlet | Found a large runed translucent door.
 19987 | Gauntlet | Found a transporter.
 19991 | Gauntlet | Found a transporter.
 20007 | Gauntlet | Found a transporter.
 20080 | Gauntlet | Identified the -1 pair of gloves "Vaavom" {rC- Will+ Dex+7}
 20184 | Gauntlet | Killed a hell beast
 20266 | Gauntlet | Noticed a minotaur
 20269 | Gauntlet | Killed a minotaur
 20821 | Lair:2   | Reached skill level 1 in Armour
 21384 | D:11     | Bought a faintly glowing war axe for 195 gold pieces
 21384 | D:11     | Identified the +6 war axe of Mourning {venom, rN+} (You
                  | bought it in a shop on level 11 of the Dungeon)
 21492 | D:13     | Noticed a centaur warrior
 21506 | D:13     | Killed a centaur warrior
 21511 | D:13     | Noticed a centaur warrior
 21512 | D:13     | HP: 4/100 [efreet/bolt of fire (29)]
 21513 | D:13     | Shot with an arrow by a centaur warrior

Illustrated notes

Levels and vault maps discovered:
D:1:      lemuel_arrival_muddy, layout_basic, chequers_mini_garden
D:2:      layout_loops_ring, shapermc_ecumenical_altar_acropolis, serial_shops,
          nicolae_shop_advertising_works [nicolae_subvault_shop_adworks],
          nicolae_shop_competitors_out_of_business, shop, nicolae_shop_peninsula
D:3:      layout_rooms, serial_shops, shop, grunt_decor_junction, minivault_11
D:4:      layout_basic, serial_shops, shop_statue,
          nicolae_shop_bloodbath_and_beyond, shop, minmay_misc_feat_nine_boxes,
          minmay_misc_feat_columns
D:5:      layout_basic, serial_shops, shop, uniq_duvessa
D:6:      layout_gridville, marbit_many_paths, minmay_temple_entry_arrows,
          nicolae_shop_distant_corner_stores, nrook_campfire
D:7:      layout_gridville, hangedman_decor_growths, minmay_misc_feat_ornament,
          uniq_maggie
D:8:      layout_basic, serial_shops, shop, serial_bayou_pond_d,
          nicolae_transporter_intersection, uniq_grum
D:9:      layout_grid_maze, lair_entry_dummy, kennysheep_generic_room_7
D:10:     layout_irregular_city, chequers_serial_rivers_small_3
D:11:     layout_loops_corners, portal_ice_cave_rime, serial_shops,
          kennysheep_mini, nicolae_shop_hallway_stairs, shop, shop,
          nicolae_shop_tiny_real_fake_doors, hangedman_misty_isle
D:12:     layout_loops_cross, orc_0_dummy, mrwooster_statue_mirror,
          uniq_maurice, uniq_nergalle, uniq_urug
D:13:     layout_cave_pools, ximxim_vaults_locker_room, enter_trove_5
Lair:1:   layout_cave_pods, basic_altar, grunt_forest_stairs_basic
Lair:2:   layout_cave_pods, gauntlet_entry_generic, serial_bayou_shore_a,
          grunt_megastairs_2

Skill      XL: |  1  2  3  4  5  6  7  8  9 10 11 12 |
---------------+-------------------------------------+-----
Conjurations   | 4 5 6 9 12 | 12.1
Spellcasting   | 2 4 6 8 10 | 10.9
Translocations | 2 8 10 | 10.3
Fighting       | 5 7 |  7.4
Armour         | 3 |  3.5
Dodging        | |  1.7
Stealth        | |  1.7

Action                     |  1- 3 |  4- 6 |  7- 9 | 10-12 || total
---------------------------+-------+-------+-------+-------++-------
  Melee: Unarmed           |       |     1 |       |       ||     1
         War axe           |       |       |    21 |    26 ||    47
         Punch             |       |       |       |     1 ||     1
         Staff             |       |       |       |    26 ||    26
   Cast: Magic Dart        |    90 |   109 |   114 |       ||   313
         Searing Ray       |       |    10 |    43 |       ||    53
         Iskenderun's Myst |       |       |    46 |   353 ||   399
    Use: Scroll            |     3 |     4 |       |    13 ||    20
         Potion            |       |       |     1 |     2 ||     3
 Armour: Robe              |     5 |    24 |     5 |       ||    34
         Acid dragon scale |       |       |    60 |    84 ||   144
  Dodge: Dodged            |     4 |    59 |    65 |   170 ||   298
         Repelled          |       |       |     1 |     7 ||     8
